 Dungeon Crawl Stone Soup version 0.28-a0-1152-g9c71ebef14 (webtiles) character file.

Game seed: 413664646055300000

23 spaghetti the Sneak (level 2, -3/31 HPs)
             Began as an Octopode Delver on Dec 14, 2021.
             Slain by an ogre (8 damage)
             ... on level 3 of the Dungeon.
             The game lasted 00:02:07 (1016 turns).

spaghetti the Sneak (Octopode Delver)               Turns: 1016, Time: 00:02:08

Health: -3/31      AC: 21    Str: 11    XL:     2   Next: 95%
Magic:  2/2        EV:  2    Int: 12    God:
Gold:   25         SH:  0    Dex: 13    Spells: 1/1 levels left

rFire   . . .      SeeInvis .   a - +0 short sword {short}
rCold   . . .      Faith    .   (no shield)
rNeg    . . .      Spirit   .   (helmet currently unavailable)
rPois   +          Reflect  .   (no amulet)
rElec   .          Harm     .   (no ring)
rCorr   .          Rampage  .   (no ring)
Will    .....      NoTele   +   (no ring)
Stlth   ++++......              (no ring)
HPRegen 0.10/turn               (no ring)
MPRegen 0.08/turn               (no ring)
                                (no ring)
                                (no ring)

@: tree-form, hasted, very quick
A: stationary, stasis, torment immunity, boosted hp, almost no armour,
(amphibious), 8 rings, (camouflage 1), (gelatinous body 1), (nimble swimmer 1),
(tentacles)
a: no special abilities


You were on level 3 of the Dungeon.
You were a tree.
You visited 1 branch of the dungeon, and saw 3 of its levels.

You collected 25 gold pieces.


Innate Abilities, Weirdness & Mutations

You are a tree.
Your roots penetrate the ground, keeping you stationary.
You cannot be teleported.
You are immune to unholy pain and torment.
Your maximum health is greatly increased.
You cannot wear most types of armour.
((You are amphibious.))
You can wear up to eight rings at the same time.
((Your skin changes colour to match your surroundings (Stealth+).))
((Your rubbery body absorbs attacks. (AC +1, EV +1)))
((You are camouflaged near water. (Stealth+)))
((You have tentacles for arms and can constrict up to eight enemies at once.))


   Skills:
 - Level 3.0 Fighting
 - Level 2.0 Short Blades
 - Level 2.0 Dodging
 + Level 7.7 Stealth


You had one spell level left.
You didn't know any spells.
Your spell library was empty.

Inventory:

Hand Weapons
 a - a +0 short sword (weapon) {short}
Missiles
 d - 16 sling bullets
 i - 34 poisoned darts (quivered) {throwing}
 j - 41 stones {throwing}
Wands
 f - a wand of digging (2)
Scrolls
 b - a scroll of fog
 c - a scroll of magic mapping {!r}
 h - a scroll of teleportation {@r4}
Potions
 e - a potion of haste {@q3}

Dungeon Overview and Level Annotations

Branches:
Dungeon (5/15)
 Temple: D:4-7

Altars:
Ru

Shops:
D:3

! #......##..........######
###.............##.######
##......#......##..##..#.
#...#........#.....###.#.
######.#.#....^...###.........
####........#........###.######..
#....###.##.###########..######..
##.### #[##.# ###.......##...∩...
#.# #.##.# #.♣.########.......
#.### #.##.# #O### #......)....
#...# #....###l# ###.###...)...
###.######....S# ##...# #.......
#..##......### #..### #)......
##.##......# #.########.....
#..#.....######.#............
##....)......................
###....#....................


You could see an ogre, an adder and a frilled lizard.


Message History

Things that are here:
a +0 club {mace}; a kobold skeleton
Found a stone staircase leading up.
There is a stone staircase leading up here.
An adder comes into view.
You see here a +0 robe.
You see here a potion of haste {@q3}.
The adder hisses angrily.
You hit the adder. You grab the adder. You constrict the adder.
The adder misses you.
You hit the adder. You squeeze the adder. You constrict the adder.
The adder bites you. 😕 HP[-4]
You take 4 damage, and now have 17/21 hp.
You hit the adder. Your squeeze misses the adder. You constrict the adder.
The adder barely misses you. The adder bites you but does no damage.
You hit the adder.
You kill the adder!
No target in view!
No target in view!
No target in view!
No target in view!
No target in view!
No target in view!
No target in view!
No target in view!
No target in view!
No target in view!
No target in view!
No target in view!
e - 2 potions of haste {@q3} (gained 1)
You see here an adder corpse.
A rat comes into view. 😎 HP[+4]
Your hp is fully restored (21).
The helpless rat fails to defend itself.
You impale the rat!!
You kill the rat!
No target in view!
No target in view!
No target in view!
No target in view!
No target in view!
No target in view!
No target in view!
No target in view!
No target in view!
A goblin comes into view. It is wielding a +0 club.
A goblin is nearby!
The helpless goblin fails to defend itself.
You impale the goblin!!
You kill the goblin!
No target in view!
No target in view!
No target in view!
No target in view!
No target in view!
No target in view!
No target in view!
No target in view!
No target in view!
You see here a +0 club {mace}.
You see here a +0 whip {mace}.
A frilled lizard comes into view.
An ogre comes into view. It is wielding a +0 giant club.
Found 25 stones.
Found an escape hatch in the floor and an escape hatch in the ceiling.
The ogre shouts!
An adder comes into view.
The ogre hits you with a +0 giant club!
Ouch! That really hurt!
* * * LOW HITPOINT WARNING * * *
The frilled lizard hisses angrily.
The adder hisses angrily. 😱 HP[-16]
You take 16 damage, and now have 5/21 hp.
MASSIVE DAMAGE!! (PAUSE)
Okay, then.
There is a stone staircase leading down here. 😨 HP[+1]
Okay, then.
Unknown command.
It was a potion of lignification.
You turn into a tree.
Your roots penetrate the ground. 😨 HP[+4]
You now have 31 max hp (+10).
You regained 4 hp, and now have 10/31 hp.
Okay, then.
There are no items here.
You barely miss the ogre. The ogre hits you but does no damage.
You hit the ogre. The ogre barely misses you.
You closely miss the ogre. The ogre hits you but does no damage.
You hit the ogre. The ogre hits you with a +0 giant club.
* * * LOW HITPOINT WARNING * * *
😱 HP[-5]
You take 5 damage, and now have 5/31 hp.
Unknown command.
Okay, then.
You feel yourself speed up.
You hit the ogre. The ogre hits you with a +0 giant club!
You die...

Skill      XL: |  1 |
---------------+----+-----
Stealth        | 7 |  7.7
Fighting       | |  3.0
Short Blades   | |  2.0
Dodging        | |  2.0

Action                   || total
-------------------------++-------
Melee: Short sword       ||    31
       Constrict         ||     7
       Tentacles         ||     4
Evoke: Wand              ||     1
  Use: Scroll            ||     4
       Potion            ||     2
 Stab: Distracted        ||     1
       Sleeping          ||     4
Armor: Skin              ||     3
Dodge: Dodged            ||    13

Levels and vault maps discovered:
D:3:      layout_rooms, mainiacjoe_overflow_surrounded_room, serial_shops, shop
D:4:      layout_cave_pools, minmay_fire_ice_demons
D:5:      layout_cave_pods, kennysheep_little_box, temple_statues,
          ebering_ghost_rock_garden

Notes
Turn   | Place    | Note
-------+----------+-------------------------------------------
     0 | D:5      | spaghetti the Octopode Delver began the quest for the Orb.
     0 | D:5      | Reached XP level 1. HP: 16/16 MP: 1/1
     0 | D:5      | magus.rc [v1.9.6]
    11 | D:5      | Noticed an ogre
    14 | D:5      | Noticed a howler monkey
    52 | D:4      | Noticed an iguana
   223 | D:3      | Found Cuzepo Meti's Distillery.
   229 | D:3      | Found a sacrificial altar of Ru.
   284 | D:3      | Reached skill level 7 in Stealth
   320 | D:3      | Reached XP level 2. HP: 10/21 MP: 2/2
   984 | D:3      | Noticed an ogre
   987 | D:3      | HP: 5/21 [ogre (16)]
  1014 | D:3      | HP: 5/31 [ogre (5)]
  1016 | D:3      | Slain by an ogre

Vanquished Creatures
  An adder (D:3)
  An orc (D:3)
  4 goblins (D:3)
  2 hobgoblins (D:3)
  2 kobolds (D:3)
  A ball python (D:3)
  3 rats (D:3)
14 creatures vanquished.

Table legend:
 A = Non-vault XP
 B = Vault XP
 C = Vault XP percentage of total XP
 D = Non-vault monster count
 E = Vault monster count
 F = Vault count percentage of total count
                 A         B        C        D         E       F
            +---------+---------+-------+---------+---------+-------
      Total |      33 |       0 |   0.0 |      14 |       0 |   0.0
            +---------+---------+-------+---------+---------+-------
        D:3 |      33 |       0 |   0.0 |      14 |       0 |   0.0
            +---------+---------+-------+---------+---------+-------

Illustrated notes

Table legend:
 A = Kills in this place as a percentage of kills in entire the game.
 B = Kills by you in this place as a percentage of kills by you in the entire game.
 C = Kills by friends in this place as a percentage of kills by friends in the entire game.
 D = Other kills in this place as a percentage of other kills in the entire game.
 E = Experience gained in this place as a percentage of experience gained in the entire game.
 F = Experience gained in this place divided by the number of levels of this place that you have seen.
                   A       B       C       D       E      F
               +-------+-------+-------+-------+-------+----------------------
         Total | 100.0 | 100.0 |   N/A |   N/A | 100.0 |  11.0
       Dungeon | 100.0 | 100.0 |   N/A |   N/A | 100.0 |  11.0
               +-------+-------+-------+-------+-------+----------------------

Table legend: (Time is in decaauts)
 A = Elapsed time spent in this place.
 B = Non-inter-level travel time spent in this place.
 C = Inter-level travel time spent in this place.
 D = Time resting spent in this place.
 E = Time spent auto-exploring this place.
 F = Levels seen in this place.
 G = Mean time per level.
                   A        B        C        D        E       F      G
               +--------+--------+--------+--------+--------+-----+--------+
         Total |   1015 |   1015 |      0 |    167 |    617 |   3 |  338.3 |
       Dungeon |   1015 |   1015 |      0 |    167 |    617 |   3 |  338.3 |
               +--------+--------+--------+--------+--------+-----+--------+

Top non-repeatable levels by time:
     D:3: 961 daAuts
     D:5: 32 daAuts
     D:4: 21 daAuts
